 Dungeon Crawl Stone Soup version 0.23.2-40-g277498a001 (webtiles) character file.

Game seed: 6146518974177293347

39 FishyPogo the Caller (level 3, 0/19 HPs)
             Began as a Deep Elf Summoner on Aug 30, 2019.
             Slain by a quokka (5 damage)
             ... on level 2 of the Dungeon.
             The game lasted 00:08:12 (1437 turns).

FishyPogo the Caller (Deep Elf Summoner)            Turns: 1437, Time: 00:08:13

Health: 0/19       AC:  2    Str:  5    XL:     3   Next: 28%
Magic:  0/9        EV: 13    Int: 20    God:
Gold:   68         SH:  0    Dex: 15    Spells: 5/8 levels left

rFire    . . .     SeeInvis .   d - -3 short sword (curse)
rCold    . . .     Gourm    .   (no shield)
rNeg     . . .     Faith    .   a - +0 robe
rPois    .         Spirit   .   (no helmet)
rElec    .         Reflect  .   (no cloak)
rCorr    .         Harm     .   (no gloves)
MR       .....                  (no boots)
Stlth    ++........             (no amulet)
HPRegen  0.06/turn              (no ring)
MPRegen  0.11/turn              (no ring)

@: lethally poisoned (0 -> -5)
A: no striking features
a: no special abilities


You were on level 2 of the Dungeon.
You were not hungry.

You visited 1 branch of the dungeon, and saw 2 of its levels.

You collected 68 gold pieces.

Inventory:

Hand Weapons
 d - a cursed -3 short sword (weapon)
Missiles
 b - 5 stones (quivered)
Armour
 a - a +0 robe (worn)
Scrolls
 e - 2 scrolls of identify
 f - a scroll of fog {unknown}
 g - 3 scrolls of teleportation
Comestibles
 c - 3 rations
 h - a chunk of flesh


   Skills:
 + Level 0.7 Short Blades
 + Level 3.0 Dodging
 + Level 3.1 Stealth
 - Level 3.0 Spellcasting
 * Level 5.0 Summonings


You had 5 spell levels left.
You knew the following spells:

 Your Spells              Type           Power        Failure   Level  Hunger
a - Call Imp              Summ           ###.....     2%          2    ##.....
e - Summon Small Mammal   Summ           ###.         1%          1    None

Your spell library contained the following spells:

 Spells                   Type           Power        Failure   Level  Hunger
 Call Canine Familiar     Summ           ###.....     5%          3    ###....
 Summon Guardian Golem    Hex/Summ       ##......     16%         3    ###....
 Summon Ice Beast         Ice/Summ       ##......     45%         4    ####...
 Summon Lightning Spire   Summ/Air       ##......     45%         4    ####...


Dungeon Overview and Level Annotations

Branches:
Dungeon (2/15)

Altars:


Message History

The adder barely misses your rat.
Your rat misses the adder.
Your rat closely misses the adder.
You feel sick. The adder bites your rat.
Your rat dies!
Your rat's corpse disappears in a puff of smoke!
Your quokka bites the adder.
The adder dies!
Your Dodging skill increases to level 3!
Something bites your rat.
Your rat dies!
Your rat's corpse disappears in a puff of smoke!
Casting: Summon Small Mammal (safe; 1% risk of failure)
Confirm with . or Enter, or press ? or * to list all spells.
You don't have enough magic to cast that spell.
You swap places.
You feel sick. The quokka bites you.
* * * LOW HITPOINT WARNING * * *
You hit the quokka but do no damage.
Your quokka disappears in a puff of smoke!
The quokka bites you.
You die...

#r## ##b....#.#
####
##b###r######..
.... ###.#.## ## #
#....## # #.####
#.# #.#
#.#############
#.§@..........#
####r§.#### #.#
#........# #.#
#.§...#..# #<#
.......# .#
#w##### ...r#.#.#
# #.....#
#........#
#.###g.#
......#...#.....##
# #...............


You could see a quokka.

Vanquished Creatures
  A dart slug (D:1)
1 creature vanquished.

Vanquished Creatures (collateral kills)
  An adder (D:2)
  A worm (D:2)
  2 dart slugs
  2 leopard geckos (D:1)
  3 bats (D:1)
  A giant cockroach (D:1)
  5 goblins
  A hobgoblin (D:1)
  8 kobolds
  A frilled lizard (D:1)
  18 rats
43 creatures vanquished.

Grand Total: 44 creatures vanquished

Notes
Turn   | Place    | Note
-------+----------+-------------------------------------------
     0 | D:1      | FishyPogo the Deep Elf Summoner began the quest for the
                  | Orb.
     0 | D:1      | Reached XP level 1. HP: 10/10 MP: 6/6
    60 | D:1      | Reached XP level 2. HP: 11/15 MP: 1/8
    68 | D:1      | Learned a level 2 spell: Call Imp
  1270 | D:2      | Found a faded altar of an unknown god.
  1328 | D:2      | Reached XP level 3. HP: 19/19 MP: 5/9
  1355 | D:2      | Reached skill level 5 in Summonings
  1437 | D:2      | Slain by a quokka

Skill      XL: |  1  2  3 |
---------------+----------+-----
Stealth        | 3 |  3.1
Summonings     | 5 |  5.0
Dodging        | 3 |  3.0
Short Blades   | |  0.7
Spellcasting   | |  3.0

Action                   || total
-------------------------++-------
Melee: Unarmed           ||     7
       Short sword       ||    17
 Cast: Summon Small Mamm ||    88
  Use: Scroll            ||     2
  Eat: Chunk             ||     1
Armor: Robe              ||    15
Dodge: Dodged            ||    40
